 Dungeon Crawl Stone Soup version 0.27-a0-1154-gfdeffcb (webtiles) character file.

Game seed: 8215934847738360473

75 Meow the Stinger (level 4, 36/36 HPs)
             Began as a Naga Venom Mage on May 14, 2021.
             Quit the game on level 3 of the Dungeon.
             The game lasted 00:05:21 (1488 turns).

Meow the Stinger (Naga Venom Mage)                  Turns: 1488, Time: 00:05:22

Health: 36/36      AC:  2    Str: 10    XL:     4   Next: 31%
Magic:  8/8        EV: 10    Int: 16    God:
Gold:   40         SH:  0    Dex: 12    Spells: 7/8 levels left

rFire    . . .     SeeInvis +   a - staff of conjuration
rCold    . . .     Faith    .   (no shield)
rNeg     . . .     Spirit   .   e - +0 robe
rPois    +         Reflect  .   (no helmet)
rElec    .         Harm     .   q - scarf {shadows}
rCorr    .         Rampage  .   (no gloves)
Will     .....                  (no barding)
Stlth    +++.......             (no amulet)
HPRegen  0.12/turn              (no ring)
MPRegen  0.11/turn              (no ring)

@: very slow
A: AC +1, large, see invisible, deformed body, poison resistance, slowness 2,
spit poison 1, naga tail 1
a: Spit Poison


You were on level 3 of the Dungeon.
You visited 1 branch of the dungeon, and saw 3 of its levels.

You collected 79 gold pieces.
You spent 39 gold pieces at shops.

Inventory:

Hand Weapons
 b - a +0 hand axe
Missiles
 c - 39 sling bullets
 d - 23 bolts
 h - 21 stones (quivered)
 r - 62 arrows
Armour
 e - a +0 robe (worn)
 i - a +0 buckler
 q - a scarf of shadows (worn)
Magical Staves
 a - a staff of conjuration (weapon)
Scrolls
 f - 2 scrolls of magic mapping
 g - a scroll of noise {unknown}
 m - a scroll of teleportation
 n - 2 scrolls of identify {unknown}
 p - a scroll of immolation {unknown}
Potions
 j - a potion of curing {unknown}
 k - 2 potions of heal wounds {unknown}
 l - a potion of lignification {unknown}
 o - a potion of haste {unknown}


   Skills:
 - Level 1.5 Dodging
 + Level 4.4 Stealth
 + Level 0.9 Shields
 + Level 2.8 Spellcasting
 - Level 1.0 Transmutations
 + Level 4.8 Poison Magic


You had 7 spell levels left.
You knew the following spells:

 Your Spells              Type           Power      Damage    Failure   Level
a - Sting                 Tmut/Pois      44%        1d5       6%          1

Your spell library contained the following spells:

 Spells                   Type           Power      Damage    Failure   Level
 Poisonous Vapours        Pois/Air       20%        N/A       11%         2
 Animate Skeleton         Necr           4%         N/A       19%         1
 Pain                     Necr           8%         1d4       19%         1
 Ignite Poison            Fire/Tmut/Pois 8%         N/A       26%         3
 Olgreb's Toxic Radiance  Pois           17%        N/A       26%         4
 Mephitic Cloud           Conj/Pois/Air  11%        N/A       30%         3
 Vampiric Draining        Necr           1%         2d6       50%         3
 Animate Dead             Necr           1%         N/A       88%         4
 Agony                    Necr           2%         N/A       99%         5


Dungeon Overview and Level Annotations

Branches:
Dungeon (3/15)

Altars:

Shops:
D:2 [?*!

Annotations:
D:2 Sigmund


Innate Abilities, Weirdness & Mutations

Your serpentine skin is tough. (AC +1)
You have supernaturally acute eyesight. (SInv)
Armour fits poorly on your strangely shaped body.
Your system is resistant to poisons. (rPois)
You cover ground very slowly.
You can spit poison.
You have a snake-like lower body.


Message History

The splash of poison hits the kobold.
The kobold is poisoned.
The kobold is severely wounded.
The kobold shouts!
A quokka comes into view.
Found a scroll of magic mapping.
Casting: Sting (safe; 6% risk of failure)
Confirm with . or Enter, or press ? or * to list all spells.
Aiming: Sting (safe; 6% risk of failure)
Press: ? - help, Shift-Dir - straight line, f/p - kobold
Aim: a kobold, wielding a +0 short sword (severely wounded, poisoned, 64% to hit)
The sting hits the kobold.
The kobold looks even sicker.
You kill the kobold!
You have got your breath back.
Casting: Sting (safe; 6% risk of failure)
Confirm with . or Enter, or press ? or * to list all spells.
Aiming: Sting (safe; 6% risk of failure)
Press: ? - help, Shift-Dir - straight line, f - quokka
Aim: a quokka (60% to hit)
The sting hits the quokka.
The quokka is poisoned.
The quokka is severely wounded.
You hit the quokka.
You kill the quokka!
f - 2 scrolls of magic mapping (gained 1)
You see here a staff of conjuration.
r - a staff of conjuration
r - a staff of conjuration (weapon)
Adjust (i)tems, (s)pells, or (a)bilities?
r - a staff of conjuration (weapon)
Adjust to which letter? (? for menu, Esc to quit)
a - a staff of conjuration (weapon);
r - a +0 hand axe Adjust (i)tems, (s)pells, or (a)bilities?
r - a +0 hand axe Adjust to which letter? (? for menu, Esc to quit)
b - a +0 hand axe;
r - 62 arrows
Casting: Sting (safe; 6% risk of failure)
Confirm with . or Enter, or press ? or * to list all spells.
Okay, then.
Okay, then.
Okay, then.
Are you sure you want to abandon this character and quit the game? (Confirm with "yes".)

# # ### ######## #.. ........
################.############.
...............#.#..........#.
######.#######.#.#....#.###.#.
........######.#.#.####..[#.#.
.............@..........รท.....
###...#..#####.#.#<.#######.#.
#.#.#..## #......#######...
#.#.....# ###.#............ #
###.#.# #.#..##########
#.#.######.#..# #.......
#.#...........# #.######
#.#..#####.#..###.#.....
..#.....[..#......#.....


There were no monsters in sight!

Vanquished Creatures
  3 adders
  A worm (D:2)
  A dart slug (D:1)
  An orc (D:2)
  7 endoplasms
  A giant cockroach (D:1)
  2 goblins
  4 hobgoblins
  2 jackals (D:1)
  2 quokkas
  3 ball pythons
  5 bats
  2 frilled lizards
  4 kobolds
  5 rats
43 creatures vanquished.

Notes
Turn   | Place    | Note
-------+----------+-------------------------------------------
     0 | D:1      | Meow the Naga Venom Mage began the quest for the Orb.
     0 | D:1      | Reached XP level 1. HP: 15/15 MP: 3/3
   164 | D:1      | Reached XP level 2. HP: 22/22 MP: 5/5
   516 | D:1      | Reached XP level 3. HP: 16/28 MP: 3/6
   884 | D:2      | Found Kad Dats's General Store.
   885 | D:2      | Found Qaicvock's Magic Scroll Shop.
   889 | D:2      | Bought a scroll of teleportation for 39 gold pieces
   972 | D:2      | Found Heahokh's Distillery.
  1041 | D:2      | Found Gihoduet's Antique Armour Shop.
  1171 | D:2      | Noticed Sigmund
  1265 | D:3      | Reached XP level 4. HP: 36/36 MP: 5/8
  1488 | D:3      | Quit the game

Illustrated notes

Levels and vault maps discovered:
D:1:      amcnicky_arrival_choice, layout_basic, minmay_tetromino_s4
D:2:      layout_loops_ring, serial_shops, nicolae_shop_trees, shop,
          nicolae_shop_temple_entry_statues_fountains, shop,
          shapermc_ecumenical_altar_starsandcircs, chequers_garden, nrook_uturn,
          columned_hall_lemuel, uniq_sigmund
D:3:      layout_basic, zin_purify

Skill      XL: |  1  2  3 |
---------------+----------+-----
Stealth        | 4 |  4.4
Dodging        | |  1.5
Shields        | |  0.9
Spellcasting   | |  2.8
Transmutations | |  1.0
Poison Magic   | |  4.8

Action                   |  1- 3 |  4- 6 || total
-------------------------+-------+-------++-------
Melee: Dagger            |     4 |       ||     4
       Hand axe          |     8 |     1 ||     9
Throw: Stone             |     1 |       ||     1
 Cast: Sting             |    38 |     4 ||    42
 Abil: Spit Poison       |    37 |     4 ||    41
  Use: Scroll            |     1 |       ||     1
Armor: Robe              |     1 |       ||     1
Dodge: Dodged            |    18 |     1 ||    19

Table legend: (Time is in decaauts)
 A = Elapsed time spent in this place.
 B = Non-inter-level travel time spent in this place.
 C = Inter-level travel time spent in this place.
 D = Time resting spent in this place.
 E = Time spent auto-exploring this place.
 F = Levels seen in this place.
 G = Mean time per level.
                   A        B        C        D        E       F      G
               +--------+--------+--------+--------+--------+-----+--------+
         Total |   1953 |   1826 |    127 |    171 |   1247 |   3 |  651.0 |
       Dungeon |   1953 |   1826 |    127 |    171 |   1247 |   3 |  651.0 |
               +--------+--------+--------+--------+--------+-----+--------+

Top non-repeatable levels by time:
     D:1: 972 daAuts
     D:2: 652 daAuts
     D:3: 328 daAuts
